[Event "*** SCC Grand Prix: Titled Tuesday Blitz"]
[Site "Chess.com"]
[Date "2020.10.06"]
[Round "7"]
[White "Aleksey_Sorokin"]
[Black "Mazetovic"]
[Result "1-0"]
[WhiteElo "2820"]
[BlackElo "2618"]
[TimeControl "180+1"]
[EndTime "11:19:35 PDT"]
[Termination "Aleksey_Sorokin won by resignation"]

1. d4 Nf6 2. c4 g6 3. Nc3 Bg7 4. e4 d6 5. Nf3 O-O 6. Be2 Na6 7. O-O e5 8. Be3 c6 9. d5 Ng4 10. Bg5 f6 11. Bh4 c5 12. Ne1 h5 13. a3 Nh6 14. Bg3 Nf7 15. Nd3 Bh6 16. b4 b6 17. Rb1 f5 18. exf5 Bxf5 19. f3 Be3+ 20. Kh1 Bd4 21. Ne4 Bxe4 22. fxe4 Qg5 23. bxc5 Nxc5 24. Nxc5 Bxc5 25. Rb3 Nh6 26. h4 Rxf1+ 27.
Qxf1 Qe7 28. Rf3 Ng4 29. a4 Kg7 30. Qc1 Nh6 31. Rf1 Rf8 32. Bf3 a5 33. Qe1 Qd7 34.
Qd1 Be3 35. Qe1 Bd4 36. Bd1 Rxf1+ 37. Qxf1 Qc7 38. Be1 Qc5 39. Qf3 Qxc4 40. Bd2 Ng4 41. g3 Qa2 42. Qe2 Nf2+ 43. Kg2 Nxe4 44. Bh6+ Kxh6 45.
Qxa2 Nc3 46. Qd2+ Kg7 47. Bb3 Ne4 48. Qe2 Nf6 49. Qb5 e4 50. Qc6 Bc5 51. Qc7+ Kh6 52. Qe7 Ng4 53. Qxe4 1-0

[Event "*** SCC Grand Prix: Titled Tuesday Blitz"]
[Site "Chess.com"]
[Date "2020.10.06"]
[Round "7"]
[White "Gerodot71"]
[Black "elamier"]
[Result "0-1"]
[WhiteElo "2458"]
[BlackElo "2359"]
[TimeControl "180+1"]
[EndTime "11:19:35 PDT"]
[Termination "elamier won on time"]

1. d4 d5 2. c4 c6 3. Nf3 Nf6 4.
Nc3 dxc4 5. a4 e5 6. Nxe5 Bb4 7. Nxc4 c5 8. e3 Nc6 9. dxc5 Qxd1+ 10. Kxd1 O-O 11. f3 Rd8+ 12. Ke1 Bxc5 13. Bd2 Nb4 14. Rd1 Be6 15. Ne5 Nc2+ 16. Ke2 Nd7 17. Nxd7 Rxd7 18. Ne4 Bc4+ 19. Kf2 Bxe3+ 20. Kg3 Be6 21. Bb5 Rdd8 22.
Bc3 Nd4 23. h3 a6 24. Bd3 Rd7 25. Kh2 Rad8 26. Rde1 Bf4+ 27. Kg1 Nxf3+ 28. gxf3 Rxd3 29. Kg2 Bf5 30. Re2 Bxe4 31. Rxe4 Bd2 32. Rd1 f5 33.
Re7 Bxc3 34. Rxd3 Rxd3 35. bxc3 Rxc3 36. Rxb7 Rc4 37. a5 Rc5 38. Ra7 Rxa5 39. Kg3 Ra4 40. h4 h6 41. h5 Kh7 42. Kh3 Ra1 43. Kg3 Rg1+ 44. Kh2 Rg5 0-1

[Event "*** SCC Grand Prix: Titled Tuesday Blitz"]
[Site "Chess.com"]
[Date "2020.10.06"]
[Round "7"]
[White "GigaQuparadze"]
[Black "Keithonsky"]
[Result "1-0"]
[WhiteElo "3003"]
[BlackElo "2604"]
[TimeControl "180+1"]
[EndTime "11:19:36 PDT"]
[Termination "GigaQuparadze won by resignation"]

1. e4 e6 2. d4 d5 3. Nd2 c5 4.
Ngf3 cxd4 5. Nxd4 Nf6 6. Bd3 Be7 7. e5 Nfd7 8. f4 Bc5 9. c3 Nc6 10. N2f3 h6 11. O-O O-O 12. Kh1 Qe7 13. Bc2 f5 14. exf6 Qxf6 15. Qd3 Bxd4 16. cxd4 Qf5 17. Qe2 Qf6 18. Be3 Nb6 19. Ne5 Bd7 20. Qd3 Qf5 21.
Qd1 Qf6 22. b3 Be8 23. Qd3 Qf5 24. Qe2 Qf6 25. Rae1 Ne7 26. Bg1 a6 27. Ng4 Qf7 28.
Qxe6 Qxe6 29. Rxe6 Nc6 30. Ne5 Nc8 31. Ng6 Bxg6 32. Bxg6 N8e7 33. Bb1 Rf6 34. Rxf6 gxf6 35. g4 Kf7 36. g5 Rh8 37. gxf6 Kxf6 38. f5 Rg8 39.
Bf2 Rg4 40. Be3 Nxd4 41. Bxh6 Ndxf5 42. Bf8 Ke6 43. Re1+ Kd7 44. Rf1 Ke6 45. Re1+ Kd7 46.
Rd1 Ke6 47. Bxe7 Nxe7 48. Bd3 Nc6 49. Be2 Rf4 50. Kg2 Nd4 51. Rd2 Ke5 52. Bd1 Nf5 53. Re2+ Re4 54. Kf2 Kf4 55. Bc2 Rxe2+ 56. Kxe2 Nd4+ 57.
Kd3 Nf3 1-0

[Event "*** SCC Grand Prix: Titled Tuesday Blitz"]
[Site "Chess.com"]
[Date "2020.10.06"]
[Round "7"]
[White "r31415"]
[Black "Chamal_Gedgafov"]
[Result "1-0"]
[WhiteElo "2478"]
[BlackElo "2175"]
[TimeControl "180+1"]
[EndTime "11:19:36 PDT"]
[Termination "r31415 won by resignation"]

1. c4 Nf6 2. Nc3 c5 3. Nf3 d5 4. cxd5 Nxd5 5. e4 Nc7 6. d4 cxd4 7. Qxd4 Nc6 8. Qxd8+ Nxd8 9. Ne5 a6 10. Be3 e6 11.
O-O-O f6 12. Nc4 b5 13. Na5 e5 14. Bb6 Nce6 15. Nd5 Be7 16. Be2 Kf7 17. Bg4 Nf4 18. Bf3 Nxd5 19. exd5 Bd6 20. Nc6 Nb7 21. b4 Bf5 22. g4 Bd7 23. Kb2 Be7 24. Nxe7 Nd6 25. Nf5 Nc4+ 26. Kb3 Nxb6 27. Rc1 Rac8 28. Nd6+ Ke7 29.
Nxc8+ Rxc8 30. Rxc8 Bxc8 31. Rc1 Bd7 32. Rc7 Kd6 33.
Rb7 Nxd5 34. Bxd5 Bxg4 35. Bg8 h6 36. Rxg7 Be2 37. Rg6 Ke7 38. Rxh6 f5 39. Bd5 f4 40.
Re6+ Kd7 41. Rxe5 Kd6 42. Rxe2 Kxd5 43. Re1 1-0

[Event "*** SCC Grand Prix: Titled Tuesday Blitz"]
[Site "Chess.com"]
[Date "2020.10.06"]
[Round "7"]
[White "xamax2000"]
[Black "hurricane7791"]
[Result "0-1"]
[WhiteElo "2661"]
[BlackElo "2711"]
[TimeControl "180+1"]
[EndTime "11:19:37 PDT"]
[Termination "hurricane7791 won on time"]

1. d4 Nf6 2. c4 e6 3. g3 c5 4. d5 exd5 5. cxd5 d6 6. Nc3 g6 7. Bg2 Bg7 8. Nf3 O-O 9. O-O Na6 10. Nd2 Nc7 11. a4 b6 12. Re1 Ba6 13. Qc2 Re8 14. b3 Bb7 15. Qd3 Ng4 16. Bb2 Ne5 17. Qc2 a6 18. h3 b5 19. f4 Nd7 20. e4 h5 21.
Nf3 c4 22. b4 a5 23. Nxb5 Nxb5 24. Bxg7 Kxg7 25. axb5 Qb6+ 26. Kh2 axb4 27. Qxc4 Rxa1 28.
Rxa1 Nf6 29. Ng5 Rc8 30. Qxb4 Rc2 31. Qe1 Qc5 32. Kh1 Qc4 33. Rd1 Qa2 34. Bf3 h4 35. gxh4 Rf2 36. Qe3 Nh7 37. Kg1 Rc2 38. Qd4+ Kh6 0-1

[Event "*** SCC Grand Prix: Titled Tuesday Blitz"]
[Site "Chess.com"]
[Date "2020.10.06"]
[Round "7"]
[White "Mr_Sinigami"]
[Black "tsvet2005"]
[Result "0-1"]
[WhiteElo "2498"]
[BlackElo "2685"]
[TimeControl "180+1"]
[EndTime "11:19:37 PDT"]
[Termination "tsvet2005 won on time"]

1. d4 d5 2. Nf3 Nf6 3. Bf4 c5 4. e3 Nc6 5. c3 Qb6 6. Qc1 Bf5 7. Nbd2 e6 8. h3 h6 9. Be2 Be7 10. O-O O-O 11. Nb3 cxd4 12. exd4 a5 13. Be3 Ne4 14.
Nbd2 a4 15. Nxe4 Bxe4 16. Nd2 a3 17. b4 Bg6 18. Nb3 Rfc8 19. Qd2 Nxb4 20. Nc5 Nc6 21. Bd3 Bxd3 22. Nxd3 Na5 23. Bxh6 Nc4 24. Qc1 gxh6 25. Qxh6 e5 26. Qh5 Qg6 27. Qe2 e4 28.
Nf4 Qf5 29. Nh5 Ra6 30. f4 Rg6 31. Kh1 e3 32. g4 Qe4+ 33. Kh2 Bd6 34. Ng3 Bxf4 35.
Rxf4 Qxf4 36. Rf1 Qd6 37. Kg2 Nd2 38. Nf5 Qe6 39. Rf4 Rxc3 40. h4 Rc2 41. g5 Nf3 42.
Kxf3 Rxe2 43. Kxe2 Qa6+ 44. Kxe3 Re6+ 45. Kf3 Qe2+ 46.
Kg3 Qxa2 47. Nh6+ Rxh6 48. gxh6 Qd2 0-1

[Event "*** SCC Grand Prix: Titled Tuesday Blitz"]
[Site "Chess.com"]
[Date "2020.10.06"]
[Round "7"]
[White "Itk04"]
[Black "frederiksvane"]
[Result "0-1"]
[WhiteElo "2468"]
[BlackElo "2674"]
[TimeControl "180+1"]
[EndTime "11:19:37 PDT"]
[Termination "frederiksvane won on time"]

1. d4 Nf6 2. c4 e6 3. Nc3 Bb4 4.
Nf3 b6 5. Bd2 Bb7 6. e3 O-O 7.
Bd3 c5 8. a3 Bxc3 9. Bxc3 cxd4 10. Nxd4 d5 11. O-O Nc6 12. Rc1 Rc8 13. Nxc6 Bxc6 14.
Bb4 Re8 15. c5 a5 16. Bd2 b5 17. b4 a4 18. Bc3 e5 19. Qe2 d4 20. Bb2 e4 21.
Bb1 d3 22. Qd2 Nd5 23. f3 Qg5 24. fxe4 Rxe4 25. Bxd3 Rxe3 26. Rce1 h6 27. Bd4 Rxe1 28. Qxe1 Nf4 29. Be4 Re8 30. Bxc6 Rxe1 31. Rxe1 Nh3+ 32. Kh1 Qf4 33. gxh3 Qxd4 34. Bg2 Qc3 35. Rf1 Kf8 36. c6 Qxa3 37. Rd1 Qc3 38. h4 a3 0-1

[Event "*** SCC Grand Prix: Titled Tuesday Blitz"]
[Site "Chess.com"]
[Date "2020.10.06"]
[Round "7"]
[White "OldweakGM"]
[Black "Azerichess"]
[Result "0-1"]
[WhiteElo "2858"]
[BlackElo "2929"]
[TimeControl "180+1"]
[EndTime "11:19:38 PDT"]
[Termination "Azerichess won by resignation"]

1. Nf3 Nf6 2. c4 g6 3. Nc3 d5 4. cxd5 Nxd5 5. e4 Nb6 6. d4 Bg7 7. h3 O-O 8. Be3 f5 9. Qc2 Nc6 10. O-O-O Kh8 11. a3 a5 12. Kb1 fxe4 13. Nxe4 Bf5 14.
Bd3 Nd5 15. Bd2 Nxd4 16. Nxd4 Bxd4 17. Ng5 Ra6 18. Bxf5 gxf5 19. Rhe1 Qd7 20. Bc1 Bf6 21. Qc4 Rd6 22. Ka1 e5 23. g4 b5 24. Qc2 b4 25.
Qxf5 Qxf5 26. gxf5 Bxg5 27. Bxg5 Rxf5 28. Bh4 bxa3 29.
bxa3 Nf4 30. Bg3 Rxd1+ 31. Rxd1 Kg7 32. Rc1 Ne6 33. Rc6 Kf7 34. Kb2 h5 35. Ra6 e4 36.
Rc6 Rf3 37. Rc3 Kf6 38. Bh4+ Kf5 39. Kc2 Rxc3+ 40. Kxc3 Nf4 41. Kc4 Nxh3 42. Kb5 Kg4 43. Bg3 h4 44. Bxc7 Nf4 0-1

[Event "*** SCC Grand Prix: Titled Tuesday Blitz"]
[Site "Chess.com"]
[Date "2020.10.06"]
[Round "7"]
[White "Shankovskyi"]
[Black "Rogarcia1"]
[Result "0-1"]
[WhiteElo "2464"]
[BlackElo "2204"]
[TimeControl "180+1"]
[EndTime "11:19:38 PDT"]
[Termination "Rogarcia1 won by resignation"]

1. e4 c5 2. Nf3 Nc6 3. Bb5 g6 4. Bxc6 dxc6 5. d3 Bg7 6. Nc3 Nf6 7. Be3 Nd7 8. Qd2 h6 9. h4 e5 10.
h5 g5 11. Ne2 b6 12. a4 a5 13. Ng3 Nf8 14. O-O-O Be6 15. Kb1 Qe7 16. Nf5 Bxf5 17. exf5 Nd7 18. Rhe1 Qf6 19. d4 O-O 20. dxc5 Nxc5 21.
Bxc5 bxc5 22. Rxe5 g4 23. Rde1 gxf3 24. gxf3 Rae8 25.
f4 Rxe5 26. fxe5 Qxf5 27. Qe3 Re8 28. f4 Re6 29. Rf1 f6 30. Qxc5 fxe5 31. Qc4 e4 32. Re1 Kh7 33. Ka2 e3 34. Re2 Qd5 35. Qxd5 cxd5 36.
Kb3 d4 37. Kc4 Re4 38. f5 Rf4 39. Kd3 Rxf5 40. Re1 Rxh5 41. Rf1 Kg6 42. Rg1+ Rg5 43. Rf1 h5 44. Rf4 Rg4 45. Rf1 h4 46. Rf3 Rg3 47.
Rf4 h3 48. Rh4 Kg5 49. Rh7 Bf6 50. Ke4 e2 51. Rg7+ Bxg7 0-1

[Event "*** SCC Grand Prix: Titled Tuesday Blitz"]
[Site "Chess.com"]
[Date "2020.10.06"]
[Round "7"]
[White "ARTHURMOTIVATOR"]
[Black "BigAl"]
[Result "0-1"]
[WhiteElo "2338"]
[BlackElo "2511"]
[TimeControl "180+1"]
[EndTime "11:19:39 PDT"]
[Termination "BigAl won on time"]

1. e4 c6 2. d4 d5 3. exd5 cxd5 4. Bd3 Nc6 5. c3 Qc7 6. h3 g6 7. Nf3 Bf5 8. O-O Nf6 9. Re1 e6 10. Bf1 h5 11. Na3 a6 12. Nc2 Bd6 13. Ne3 O-O 14.
g3 Bxg3 15. Nxf5 exf5 16. fxg3 Qxg3+ 17. Bg2 Rae8 18. Bd2 Ne4 19. Re2 Re7 20. Qe1 Qc7 21. Bg5 Re6 22. Qh4 Nxg5 23. Rxe6 Nxe6 24. Re1 Qd8 25.
Qg3 f4 26. Qf2 Ne7 27. Nh4 Kg7 28. Kh1 Ng8 29. Nf3 Nf6 30. Ne5 Re8 31. Rf1 Ne4 32.
Bxe4 dxe4 33. Qg1 Qd5 34. Kh2 e3 35. Nd3 Qe4 36. Ne5 f6 37. Nf3 Kh7 38. Qg2 Ng7 39. Rg1 g5 40. Qe2 Kh6 41. h4 g4 0-1

[Event "*** SCC Grand Prix: Titled Tuesday Blitz"]
[Site "Chess.com"]
[Date "2020.10.06"]
[Round "7"]
[White "lacafi"]
[Black "Matols"]
[Result "1-0"]
[WhiteElo "2110"]
[BlackElo "2248"]
[TimeControl "180+1"]
[EndTime "11:19:39 PDT"]
[Termination "lacafi won on time"]

1. d4 Nf6 2. Nf3 e6 3. e3 b6 4.
Bd3 Bb7 5. Nbd2 d5 6. Qe2 Be7 7.
O-O O-O 8. e4 c5 9. c3 Nc6 10.
dxc5 bxc5 11. e5 Nd7 12. Re1 Qc7 13. Nf1 Rab8 14. Ng3 Rfe8 15. Nh5 Nf8 16. Bg5 Ng6 17. Bxe7 Qxe7 18. Rad1 Ba8 19. b3 a5 20. Bc2 Red8 21. Qe3 a4 22. Nf4 axb3 23. axb3 Bb7 24. Nd3 c4 25.
bxc4 dxc4 26. Nc5 Ba8 27. Rb1 Rxb1 28. Rxb1 Qc7 29. Re1 Qa5 30. Ne4 Ncxe5 31. Neg5 Nxf3+ 32. Nxf3 Qd5 33. Be4 Qa5 34. Bxa8 Qxa8 35. Nd4 Qd5 36.
Rb1 h6 37. Rb5 1-0

[Event "*** SCC Grand Prix: Titled Tuesday Blitz"]
[Site "Chess.com"]
[Date "2020.10.06"]
[Round "7"]
[White "MPGM"]
[Black "Moultino06"]
[Result "0-1"]
[WhiteElo "2454"]
[BlackElo "2646"]
[TimeControl "180+1"]
[EndTime "11:19:41 PDT"]
[Termination "Moultino06 won on time"]

1. Nf3 b6 2. g3 Bb7 3. Bg2 g6 4. O-O Bg7 5. d4 e6 6. c4 Ne7 7. Nc3 f5 8. h4 O-O 9. h5 d6 10.
Re1 Qc8 11. h6 Bf6 12. e4 Nd7 13. exf5 Nxf5 14. d5 e5 15. Ne4 Qd8 16. Nfg5 Nd4 17.
Be3 Nc5 18. Bxd4 Nxe4 19. Nxe4 exd4 20. Nxf6+ Qxf6 21. f4 Rae8 22. Kh2 Bc8 23. Qd2 Bf5 24. Rad1 d3 25. b3 Bg4 26. Rc1 Be2 27. Bf1 Qf5 28. Bxe2 dxe2 29. Kg2 Qg4 30. Rc2 g5 31. Rxe2 gxf4 32.
Rxe8 Qxg3+ 33. Kf1 Rxe8 34. Qc3 f3 35. Qg7+ Qxg7 36.
hxg7 Kxg7 37. Rc3 Rf8 38. Re3 f2 39. Re7+ Rf7 40. Re8 a5 41. a3 h5 0-1

[Event "*** SCC Grand Prix: Titled Tuesday Blitz"]
[Site "Chess.com"]
[Date "2020.10.06"]
[Round "7"]
[White "zmeeed67"]
[Black "VladaSviridova"]
[Result "1-0"]
[WhiteElo "2375"]
[BlackElo "2250"]
[TimeControl "180+1"]
[EndTime "11:19:41 PDT"]
[Termination "zmeeed67 won on time"]

1. e4 e6 2. Nf3 d5 3. e5 c5 4. b4 cxb4 5. a3 Nc6 6. axb4 Bxb4 7. c3 Be7 8. d4 f6 9. Bd3 fxe5 10. dxe5 Nh6 11.
Bxh6 gxh6 12. O-O O-O 13. Qc2 Rf7 14. Nbd2 Bd7 15. h3 Qc7 16. Rfe1 a6 17. Re3 Raf8 18. Rae1 Na5 19. Nf1 Nc4 20. R3e2 Rg7 21. N1h2 Kh8 22.
Kh1 h5 23. g3 b5 24. h4 Bc6 25. Kg1 a5 26. Qc1 Qb6 27. Ng5 Bd7 28. Nf1 a4 29.
Qb1 Bxg5 30. hxg5 Bc6 31. Qc1 a3 32. Bxc4 dxc4 33. Qxa3 Rgf7 34. Ne3 Bb7 35. Qd6 Qa5 36. Qxe6 Qxc3 37. g6 hxg6 38. Qxg6 Qxe5 39. Ng2 Qf6 40. Qxh5+ Kg8 41. Nf4 Qg7 42. Re8 Rxf4 43. Qxb5 Rf7 44. Qxc4 1-0

[Event "*** SCC Grand Prix: Titled Tuesday Blitz"]
[Site "Chess.com"]
[Date "2020.10.06"]
[Round "7"]
[White "AlexeiShirov"]
[Black "tornikesanikidze"]
[Result "0-1"]
[WhiteElo "2837"]
[BlackElo "2654"]
[TimeControl "180+1"]
[EndTime "11:19:42 PDT"]
[Termination "tornikesanikidze won by resignation"]

1. e4 c5 2. Nf3 d6 3. d4 cxd4 4. Nxd4 Nf6 5. Nc3 Nc6 6. Nd5 Nxd5 7. exd5 Qa5+ 8. Bd2 Qxd5 9. Nb5 Qe6+ 10. Be2 Qd7 11. O-O a6 12. Nc3 e6 13. Na4 Rb8 14. c4 b5 15. cxb5 axb5 16. Nc3 b4 17. Nb5 Be7 18. Be3 O-O 19. Rc1 Rd8 20. Qa4 Bb7 21. Bb6 Ra8 22. Qb3 Rdc8 23. Rc2 d5 24. Rfc1 e5 25. Qg3 d4 26. Bc4 g6 27. f4 Bf6 28. f5 g5 29. h4 h6 30. hxg5 Bxg5 31. f6 Kh8 32. Rf1 Rg8 33. Qh2 Be3+ 34. Kh1 Na5 35.
Bd3 Rxg2 36. Rxg2 Rg8 37. Rg1 Rxg2 38. Rxg2 Qg4 39. Bc2 Qe2 40. Qg3 Qf1+ 41. Kh2 Bf4 0-1

[Event "*** SCC Grand Prix: Titled Tuesday Blitz"]
[Site "Chess.com"]
[Date "2020.10.06"]
[Round "7"]
[White "Unkreativ3"]
[Black "Snegokhod"]
[Result "0-1"]
[WhiteElo "2519"]
[BlackElo "2406"]
[TimeControl "180+1"]
[EndTime "11:19:42 PDT"]
[Termination "Snegokhod won by resignation"]

1. d4 Nf6 2. c4 g6 3. Nc3 d5 4.
cxd5 Nxd5 5. e4 Nxc3 6. bxc3 Bg7 7. Bc4 O-O 8. Ne2 Nc6 9. O-O Qd7 10. f4 b6 11. Be3 Bb7 12. f5 Na5 13. Bd3 Rad8 14. fxg6 hxg6 15. Qd2 e5 16. Bh6 exd4 17. Bxg7 Kxg7 18.
cxd4 Nc6 19. d5 Ne5 20. Bc2 c6 21. Ng3 Qe7 22. Bb3 Rh8 23. Qf4 Nd3 24. Qg4 Qc5+ 25.
Kh1 Rxh2+ 26. Kxh2 Rh8+ 27. Qh3 Rxh3+ 28. gxh3 cxd5 29.
exd5 Bxd5 30. Rad1 Bxb3 31. axb3 Qc2+ 32. Kg1 Qxb3 33.
Rd2 Ne5 34. Kg2 a5 35. Rdf2 f5 36. Kh2 a4 37. Rg2 Nf3+ 38. Kh1 Kh6 39. Ne2 Nh4 40. Rg3 Qd5+ 41. Kh2 b5 42. Nf4 Qd2+ 43. Ng2 b4 44. Kh1 Nxg2 45. Rxg2 Qd5 46. Kh2 b3 47. Rfg1 Qd6+ 48.
Kh1 a3 0-1

[Event "*** SCC Grand Prix: Titled Tuesday Blitz"]
[Site "Chess.com"]
[Date "2020.10.06"]
[Round "7"]
[White "nochewycandy"]
[Black "kreonx"]
[Result "0-1"]
[WhiteElo "2468"]
[BlackElo "2365"]
[TimeControl "180+1"]
[EndTime "11:19:44 PDT"]
[Termination "kreonx won by resignation"]

1. e4 c6 2. Nc3 d5 3. Nf3 dxe4 4. Nxe4 Nf6 5. Qe2 Nxe4 6. Qxe4 Nd7 7. Bc4 Nf6 8. Ne5 e6 9. Qe2 Bd6 10. O-O O-O 11.
d4 c5 12. dxc5 Bxc5 13. Bg5 Be7 14. Rad1 Qc7 15. Bb3 Nd5 16. Bxe7 Nxe7 17. Rfe1 Ng6 18. c3 b6 19. Bc2 Nxe5 20. Qxe5 Qxe5 21. Rxe5 Ba6 22.
Re4 Rfd8 23. Red4 Rxd4 24. Rxd4 Bb5 25. a4 Be8 26. f4 Kf8 27. g4 h6 28. h4 Ke7 29. Kf2 Rd8 30. Ke3 Rxd4 31. Kxd4 Kd6 32. b4 f6 33. Bb3 e5+ 34. Ke3 a5 35. g5 exf4+ 36. Kxf4 fxg5+ 37. hxg5 hxg5+ 38. Kxg5 Ke5 39. Bc2 Bf7 40. bxa5 bxa5 41. Bd3 Kd5 42. Bb5 Kc5 43.
Kf5 Bc4 44. Be8 Bd3+ 45. Kg5 Kc4 46. Bb5+ Kxc3 47. Be8 Kb4 48. Kf4 Bc2 49. Ke5 Bxa4 50. Bf7 Bc2 51. Kd4 a4 52. Ke3 a3 53. Kd2 Bb3 0-1

[Event "*** SCC Grand Prix: Titled Tuesday Blitz"]
[Site "Chess.com"]
[Date "2020.10.06"]
[Round "7"]
[White "sokidze"]
[Black "Miss_JJ20"]
[Result "1-0"]
[WhiteElo "2690"]
[BlackElo "2468"]
[TimeControl "180+1"]
[EndTime "11:19:45 PDT"]
[Termination "sokidze won on time"]

1. e4 c5 2. Nf3 Nf6 3. e5 Nd5 4. Nc3 e6 5. g3 Nc6 6. Bg2 d6 7. exd6 Bxd6 8. O-O O-O 9. d3 b6 10. Ne4 Bb7 11. Nxd6 Qxd6 12. Nd2 e5 13. Nc4 Qd7 14.
Re1 Rae8 15. a4 f5 16. b3 f4 17. Bb2 Nd4 18. Nxe5 Rxe5 19. Rxe5 f3 20. Bf1 Nf4 21.
Qd2 Nde2+ 22. Kh1 Nh3 23. Qe3 h6 24. Re1 Kh7 25. a5 Rf7 26. axb6 axb6 27. b4 cxb4 28.
Qxb6 b3 29. cxb3 Qxd3 30. Ba1 Qxb3 31. Qc5 Qa3 32. Bxh3 Qxc5 33. Rxc5 Rd7 34. Be6 Re7 35. Bf5+ g6 36. Bd3 Nxg3+ 37. hxg3 Rxe1+ 38. Kh2 Rxa1 39. Rc7+ Kg8 40. Rxb7 Ra2 41. Bc4+ 1-0

[Event "*** SCC Grand Prix: Titled Tuesday Blitz"]
[Site "Chess.com"]
[Date "2020.10.06"]
[Round "7"]
[White "ExcitingTrap"]
[Black "Ural_bogatyr"]
[Result "1-0"]
[WhiteElo "2274"]
[BlackElo "2365"]
[TimeControl "180+1"]
[EndTime "11:19:45 PDT"]
[Termination "ExcitingTrap won on time"]

1. e4 e5 2. Nf3 Nc6 3. Bc4 Nf6 4. d3 h6 5. O-O d6 6. c3 g5 7. d4 Bg4 8. dxe5 Nxe5 9. Be2 Bg7 10. Nd4 Be6 11. Nxe6 fxe6 12. Bh5+ Nxh5 13. Qxh5+ Kd7 14. Be3 Qe7 15. Nd2 Raf8 16. Qe2 a6 17. b4 Ng6 18.
b5 Bxc3 19. Rac1 Be5 20. bxa6 bxa6 21. Qxa6 Rc8 22. Nc4 Bf4 23. Nb6+ Ke8 24. Qxc8+ Kf7 25. Qxc7 Ne5 26. Qxe7+ Kxe7 27. Rc7+ Kf6 28. Bd4 Kg6 29.
Rd1 Rb8 30. a4 d5 31. Ra7 dxe4 32. a5 Nc6 33. Rg7+ Kf5 34. h3 Nxd4 35. Rxd4 Be5 36. Rf7+ Kg6 37. Rdd7 g4 38. hxg4 h5 39. g3 hxg4 40. Kg2 Rh8 41. Rfe7 1-0

[Event "*** SCC Grand Prix: Titled Tuesday Blitz"]
[Site "Chess.com"]
[Date "2020.10.06"]
[Round "7"]
[White "OhanyanEminChess"]
[Black "K_A_S_T_O_R"]
[Result "1-0"]
[WhiteElo "2590"]
[BlackElo "2727"]
[TimeControl "180+1"]
[EndTime "11:19:46 PDT"]
[Termination "OhanyanEminChess won on time"]

1. e4 c5 2. Nf3 d6 3. d4 cxd4 4.
Nxd4 Nf6 5. Nc3 a6 6. Bc4 e6 7. Bb3 b5 8. f4 Bb7 9. f5 e5 10.
Nde2 Nbd7 11. Bg5 Rc8 12. Ng3 Be7 13. Nh5 Nxh5 14. Qxh5 O-O 15. Bxe7 Qxe7 16. O-O-O Nf6 17. Qf3 Rxc3 18. Qxc3 Bxe4 19. Qd2 d5 20. Rhf1 Rd8 21. h3 Qc7 22. g4 a5 23. g5 Nh5 24. a3 a4 25. Ba2 Rc8 26. c3 d4 27. g6 Ng3 28.
gxh7+ Kh8 29. f6 dxc3 30. fxg7+ Kxh7 31. Qxc3 Ne2+ 32. Kd2 Nxc3 33. Rxf7 Rd8+ 34. Ke3 Nxd1+ 35. Kxe4 Qc2+ 36. Kxe5 Qe2+ 37. Kf6 Qf3+ 38. Ke7 Qe4+ 39. Kxd8 1-0

[Event "*** SCC Grand Prix: Titled Tuesday Blitz"]
[Site "Chess.com"]
[Date "2020.10.06"]
[Round "7"]
[White "vaishali2001"]
[Black "Meri-Arabidze"]
[Result "1/2-1/2"]
[WhiteElo "2544"]
[BlackElo "2705"]
[TimeControl "180+1"]
[EndTime "11:19:46 PDT"]
[Termination "Game drawn - insufficient material"]

1. d4 d5 2. Bf4 Nf6 3. e3 e6 4. Nd2 Bd6 5. Ngf3 c5 6. Bd3 Nc6 7. c3 O-O 8. Bg3 b6 9. e4 Be7 10.
e5 Nh5 11. Ng5 Bxg5 12. Qxh5 g6 13. Qe2 cxd4 14. h4 dxc3 15. bxc3 Bh6 16. h5 Bg7 17. hxg6 hxg6 18. Bf4 f5 19. Nf3 Qe7 20. Qe3 Qc5 21.
Qd2 d4 22. Bh6 Qxc3 23. Bxg7 Kxg7 24. Rc1 Qxd2+ 25. Kxd2 Bd7 26. Ng5 Rh8 27. Rxh8 Rxh8 28. Nxe6+ Bxe6 29. Rxc6 Bxa2 30. Rc7+ Kh6 31. Rxa7 Bd5 32. g3 Kg5 33. Be2 f4 34. Rd7 fxg3 35. fxg3 Be6 36. Rxd4 Kf5 37. Rd6 Rb8 38. Bg4+ Kxg4 39.
Rxe6 Kxg3 40. Rxg6+ Kf4 41. e6 Ke5 42. Kc3 Re8 43.
Kb4 Rxe6 44. Rxe6+ Kxe6 45. Kb5 Kd6 46. Kxb6 1/2-1/2

[Event "*** SCC Grand Prix: Titled Tuesday Blitz"]
[Site "Chess.com"]
[Date "2020.10.06"]
[Round "7"]
[White "Jumbo"]
[Black "fireheart92"]
[Result "0-1"]
[WhiteElo "2723"]
[BlackElo "2878"]
[TimeControl "180+1"]
[EndTime "11:19:47 PDT"]
[Termination "fireheart92 won by resignation"]

1. d4 Nf6 2. c4 g6 3. g3 c5 4. d5 Bg7 5. Bg2 d6 6. Nc3 O-O 7. Nf3 e6 8. O-O exd5 9. cxd5 Na6 10. Re1 Re8 11. h3 Ne4 12. Nxe4 Rxe4 13. Nd2 Re8 14. a4 Nb4 15. Nc4 Bf8 16. Bd2 b6 17. Qb3 a5 18.
Rad1 Ba6 19. Bc3 b5 20. axb5 Bxb5 21. Bxb4 cxb4 22. Rc1 Bg7 23. e3 Rc8 24. Bf1 Rc5 25. Nd2 Bd7 26. Rxc5 dxc5 27. Qc2 Qf6 28. Rb1 Rc8 29.
b3 Qc3 30. Qa2 a4 31. bxa4 Bxa4 32. Ne4 Qa3 33. Qd2 Bd7 34. Nd6 Ra8 35. Rc1 b3 36. Bd3 b2 37. Rb1 Qb4 38. Qc2 Ra1 39. Nc4 Ba4 40.
Qd1 Bxd1 0-1

[Event "*** SCC Grand Prix: Titled Tuesday Blitz"]
[Site "Chess.com"]
[Date "2020.10.06"]
[Round "7"]
[White "Margency"]
[Black "LiamVrolijk"]
[Result "0-1"]
[WhiteElo "2658"]
[BlackElo "2826"]
[TimeControl "180+1"]
[EndTime "11:19:48 PDT"]
[Termination "LiamVrolijk won by resignation"]

1. e4 g6 2. d4 Bg7 3. Nc3 d6 4. Be3 a6 5. f4 b5 6. Bd3 Bb7 7. Nf3 Nd7 8. e5 Nh6 9. Qe2 O-O 10. O-O-O c5 11. Be4 Bxe4 12. Nxe4 cxd4 13. Bxd4 Nf5 14.
exd6 Nxd4 15. Nxd4 exd6 16. Nc6 Qc7 17. Ne7+ Kh8 18.
Nd5 Qa5 19. Kb1 Nc5 20. Nxd6 Rad8 21. Qe7 Rd7 22. Nxf7+ Kg8 23. Qxc5 Rdxf7 24. g3 Re8 25. c3 Qd8 26. Rhe1 Rxe1 27. Rxe1 Rd7 28. Rd1 Kh8 29. a3 h6 30. h4 Qe8 31. Qc6 Qe4+ 32. Ka1 Rd8 33. Qxa6 Qf3 34. Rd2 Qf1+ 35. Ka2 Qc4+ 36.
Kb1 Qe4+ 37. Kc1 Qe1+ 38. Rd1 Qxg3 39. Qxb5 Qxh4 40. Qd3 Qh5 41. a4 Ra8 42. b3 Qh2 43.
Rd2 Qg1+ 44. Kb2 Re8 45. a5 Re1 46. Ka3 Bf8+ 47. Ka4 Ra1+ 48. Kb5 Qc5+ 49. Ka6 Rxa5+ 0-1

[Event "*** SCC Grand Prix: Titled Tuesday Blitz"]
[Site "Chess.com"]
[Date "2020.10.06"]
[Round "7"]
[White "KatarinaOstojic"]
[Black "Jabberwockiez"]
[Result "1/2-1/2"]
[WhiteElo "2352"]
[BlackElo "2239"]
[TimeControl "180+1"]
[EndTime "11:19:48 PDT"]
[Termination "Game drawn - insufficient material"]

1. d4 Nf6 2. Nf3 e6 3. c4 Bb4+ 4. Bd2 a5 5. a3 Bxd2+ 6. Nbxd2 O-O 7. e3 d5 8. Bd3 dxc4 9. Nxc4 c6 10. O-O b5 11. Nce5 Bb7 12. Rc1 Qb6 13. Qc2 h6 14.
Rfd1 Rc8 15. h3 Nbd7 16. Bh7+ Kf8 17. Nxd7+ Nxd7 18. Be4 Nf6 19. Ne5 Rc7 20. Bf3 Rac8 21. Nd3 b4 22. axb4 axb4 23. Qc5+ Qxc5 24. Rxc5 b3 25. Nc1 Rb8 26. Nxb3 Ba8 27. Na5 Rxb2 28. Bxc6 Bxc6 29. Rxc6 Rxc6 30. Nxc6 Ne4 31. Ra1 g5 32. f3 Ng3 33. Ne5 Rb7 34. Kf2 Nf5 35. g4 Rb2+ 36.
Kg1 Nxe3 37. Ra8+ Kg7 38. Ra7 Rd2 39. Rxf7+ Kg8 40. Rf6 Rxd4 41. Rxe6 Rd1+ 42. Kf2 Nd5 43. Rxh6 Nf4 44. h4 Rd2+ 45. Ke3 Re2+ 46. Kd4 gxh4 47. Rxh4 Rxe5 48. Kxe5 Ng6+ 49. Ke4 Nxh4 50. f4 Kg7 51. f5 Kf6 52. Kf4 Ng2+ 53. Kg3 Ne3 54. Kf3 Nd5 55.
Ke4 Ne7 56. Kf4 Nd5+ 57. Ke4 Ne7 58. g5+ Kxg5 59. f6 Kxf6 1/2-1/2

[Event "*** SCC Grand Prix: Titled Tuesday Blitz"]
[Site "Chess.com"]
[Date "2020.10.06"]
[Round "7"]
[White "dretch"]
[Black "Legendinunknown"]
[Result "1-0"]
[WhiteElo "2853"]
[BlackElo "2641"]
[TimeControl "180+1"]
[EndTime "11:19:49 PDT"]
[Termination "dretch won on time"]

1. d4 d5 2. c4 c6 3. Nf3 Nf6 4. e3 e6 5. b3 Nbd7 6. Bd3 Bb4+ 7. Nbd2 Ne4 8. O-O f5 9. a3 Bd6 10. b4 O-O 11. Bb2 Qf6 12. Qc2 g5 13. Nb3 g4 14.
Nfd2 Qh6 15. g3 Ndf6 16. b5 Bd7 17. Nc5 Rac8 18. Nxd7 Nxd7 19. c5 Bb8 20. bxc6 bxc6 21.
Rab1 Ndf6 22. Bc3 Qh3 23. Nxe4 fxe4 24. Ba6 Rc7 25. Rb7 Nh5 26. Qb3 Rxb7 27. Qxb7 Nxg3 28.
fxg3 Bxg3 29. Rxf8+ Kxf8 30. Qb2 Bc7 31. Qf2+ Kg7 32.
Bf1 Qh5 33. Be2 Qh3 34. Be1 Qh5 35. Qg2 Kf7 36. Bxg4 Qg6 37. h3 h5 38. Be2 Qh6 39. Qf2+ Ke8 40. Kf1 h4 41. Bd2 Bg3 42. Qg2 Qf6+ 43.
Kg1 e5 44. Bh5+ Kd7 45. Bc3 exd4 46. Bxd4 Qg5 47. Bg4+ Kc7 48. Qf1 1-0